 Dungeon Crawl Stone Soup version 0.24-a0-584-g9d6b971ae4 (webtiles) character file.

Game seed: 8089305816991233812, levelgen mode: deterministic

115 Mithandil the Skirmisher (level 4, 0/37 HPs)
             Began as a Demonspawn Abyssal Knight on Sept 6, 2019.
             Was a Believer of Lugonu.
             Slain by a leopard gecko (2 damage)
             ... on level 2 of the Dungeon.
             The game lasted 00:08:16 (1794 turns).

Mithandil the Skirmisher (DsAK)                     Turns: 1794, Time: 00:08:17

Health: 0/37       AC:  6    Str: 13    XL:     4   Next: 68%
Magic:  6/6        EV:  9    Int: 13    God:    Lugonu [**....]
Gold:   69         SH:  2    Dex: 13    Spells: 3/3 levels left

rFire    . . .     SeeInvis .   a - +3 falchion
rCold    . . .     Gourm    .   (no shield)
rNeg     . . .     Faith    .   l - +0 scale mail {rPois}
rPois    +         Spirit   .   (helmet restricted)
rElec    .         Reflect  +   (no cloak)
rCorr    .         Harm     .   (no gloves)
MR       .....                  (no boots)
Stlth    ..........             n - +2 amulet of reflection
HPRegen  0.12/turn              (no ring)
MPRegen  0.10/turn              (no ring)

@: no status effects
A: horns 1
a: Depart the Abyss, Bend Space, Renounce Religion


You were on level 2 of the Dungeon.
You worshipped Lugonu.
Lugonu was pleased with you.
You were not hungry.

You visited 1 branch of the dungeon, and saw 4 of its levels.
You visited the Abyss 1 time.

You collected 69 gold pieces.

Inventory:

Hand Weapons
 a - a +3 falchion (weapon)
 b - a +0 trident
 k - a +0 hunting sling
 p - a +0 long sword
Missiles
 e - 5 poisoned darts
 h - 13 bolts
 i - 25 stones (quivered)
 j - 21 sling bullets
 o - 7 boomerangs
Armour
 l - a +0 scale mail of poison resistance (worn)
 r - a +1 robe of cold resistance
Jewellery
 n - a +2 amulet of reflection (around neck)
Scrolls
 d - a scroll of identify {unknown}
 m - 3 scrolls of enchant armour {unknown}
Potions
 g - a potion of curing
Comestibles
 c - 3 rations
 f - 8 chunks of flesh


   Skills:
 * Level 3.8 Fighting
 + Level 2.2 Long Blades
 + Level 2.1 Armour
 + Level 1.7 Dodging
 + Level 1.2 Stealth
 + Level 1.2 Unarmed Combat
 + Level 3.0 Invocations


You had 3 spell levels left.
You didn't know any spells.
Your spell library was empty.

Dungeon Overview and Level Annotations

Branches:
Dungeon (4/15)
 Temple: D:4-7

Altars:

Annotations:
D:3 Ijyb, Jessica


Innate Abilities, Weirdness & Mutations

You have a pair of small horns on your head.


Message History

Lugonu accepts your kill. The leopard gecko barely misses you.
The orc hits you but does no damage. The orc wizard barely misses you.
You riposte.
Your scale mail prevents you from hitting the orc wizard.
The orc wizard is almost dead.
You barely miss the orc wizard.
You headbutt the orc wizard, but do no damage.
The orc wizard is almost dead.
The orc wizard mumbles some strange words.
The orc wizard flickers and vanishes!
Deactivating autopickup; reactivate with Ctrl-A.
The leopard gecko bites you but does no damage.
The orc hits you but does no damage. Something hits you but does no damage.
The leopard gecko barely misses you.
You riposte.
Your scale mail prevents you from hitting the leopard gecko.
You headbutt the leopard gecko.
The leopard gecko is severely wounded.
You hit something but do no damage. The orc barely misses you.
The leopard gecko bites you.
You die...

#....รท........#
#.............#........#
#.............#........#
#.............#........#
#......................#
#............#.........#
...)...................#
#############..){l.....#
...............o@......#
############...)####.#.#
.......<.......##
.######.#........
..#.#....### ####.#.....
# #.##.#. #. #.#.#


You could see an orc and a leopard gecko.

Vanquished Creatures
  3 adders
  3 gnolls (D:2)
  An ooze (D:1)
  A leopard gecko (D:1)
  2 orcs (D:2)
  A ball python (D:1)
  8 bats
  4 giant cockroaches
  7 goblins
  5 hobgoblins
  2 jackals (D:1)
  5 kobolds
  5 frilled lizards
  6 rats
53 creatures vanquished.

Notes
Turn   | Place    | Note
-------+----------+-------------------------------------------
     0 | Abyss:1  | Mithandil the Demonspawn Abyssal Knight began the quest for
                  | the Orb.
     0 | Abyss:1  | Reached XP level 1. HP: 18/18 MP: 2/2
    59 | Abyss:1  | Noticed a spatial vortex
    60 | D:1      | Escaped the Abyss
   201 | D:1      | Reached * piety under Lugonu
   202 | D:1      | Reached skill level 1 in Dodging
   225 | D:1      | Gained mutation: You have a pair of small horns on your
                  | head. [demonic ancestry]
   225 | D:1      | Reached XP level 2. HP: 17/24 MP: 3/3
   893 | D:1      | Reached XP level 3. HP: 29/29 MP: 5/5
  1084 | D:1      | Reached skill level 1 in Stealth
  1259 | D:2      | Reached XP level 4. HP: 6/37 MP: 6/6
  1575 | D:3      | Reached skill level 1 in Unarmed Combat
  1783 | D:3      | Noticed Jessica
  1786 | D:3      | Noticed Ijyb
  1789 | D:2      | Reached ** piety under Lugonu
  1794 | D:2      | Slain by a leopard gecko

Levels and vault maps discovered:
D:1:      giann_bridges, layout_basic, st_stairs_7,
          chequers_serial_rivers_micro_b, serial_park_tiny_pond,
          chequers_serial_rivers_micro_a, minmay_misc_feat_tiny,
          minmay_shallow_snake_nest
D:2:      layout_basic
D:3:      layout_basic, lemuel_crystal_altar,
          chequers_ecumenical_altar_simple_redux, first_ration, uniq_jessica,
          uniq_crazy_yiuf_cottage, uniq_ijyb
D:4:      layout_basic, chequers_temple_overflow_statue_of_worship,
          minmay_temple_entry_stoned_glass, serial_shops, kennysheep_little_box,
          corexii_item_surrounded_by_moat, kennysheep_windowed_goal,
          uniq_natasha

Skill      XL: |  1  2  3  4 |
---------------+-------------+-----
Dodging        | 1 |  1.7
Long Blades    | 2 |  2.2
Armour         | 2 |  2.1
Stealth        | 1 |  1.2
Unarmed Combat | 1 |  1.2
Invocations    | 3 |  3.0
Fighting       | |  3.8

Action                   |  1- 3 |  4- 6 || total
-------------------------+-------+-------++-------
Melee: Falchion          |    87 |    45 ||   132
       Headbutt          |    10 |     9 ||    19
Invok: Depart the Abyss  |     1 |       ||     1
  Use: Potion            |     4 |       ||     4
       Scroll            |       |     2 ||     2
  Eat: Chunk             |     1 |     2 ||     3
Armor: Leather armour    |    10 |       ||    10
       Scale mail        |    27 |    53 ||    80
       Ring mail         |     6 |       ||     6
Dodge: Dodged            |    57 |    57 ||   114
Block: Other             |     2 |     7 ||     9
       Rpst.: Falchion   |    17 |    21 ||    38

Table legend:
 A = Non-vault XP
 B = Vault XP
 C = Vault XP percentage of total XP
 D = Non-vault monster count
 E = Vault monster count
 F = Vault count percentage of total count
                 A         B        C        D         E       F
            +---------+---------+-------+---------+---------+-------
      Total |     159 |       6 |   3.6 |      50 |       3 |   5.7
            +---------+---------+-------+---------+---------+-------
        D:1 |      48 |       6 |  11.1 |      26 |       3 |  10.3
        D:2 |      74 |       0 |   0.0 |      16 |       0 |   0.0
        D:3 |      37 |       0 |   0.0 |       8 |       0 |   0.0
            +---------+---------+-------+---------+---------+-------
